 Dungeon Sprint DCSS version 0.30-a0-802-gb92711bcdf (webtiles) character file.

Game seed: 6264276399586888523

10626 Juicyj the Peltast (level 11, 0/96 HPs)
             Began as a Minotaur Fighter on Feb 24, 2023.
             Was a High Priest of Hepliaklqana.
             Killed from afar by a spriggan air mage (31 damage)
             ... with a bolt of lightning
             ... in the Dungeon (Sprint V: "Ziggurat Sprint").
             The game lasted 00:16:04 (776 turns).

Juicyj the Peltast (Minotaur Fighter)                Turns: 776, Time: 00:16:05

Health: 0/96       AC: 30    Str: 26    XL:     11   Next: 38%
Magic:  10/10      EV:  5    Int:  5    God:    Hepliaklqana [*****.]
Gold:   0          SH: 33    Dex: 18    Spells: 10/10 levels left

rFire   + . .      SeeInvis .    D - +8 lance "Wyrmbane" {slay drac, rPois rF+ rC+ AC+3}
rCold   + . .      Faith    .    F - +18 shield of the Gong {Loud rN+ Will+ rCorr EV-5}
rNeg    + . .      Spirit   .    G - +5 crystal plate armour
rPois   +          Reflect  .    (helmet restricted)
rElec   .          Harm     .    (no cloak)
rCorr   +          Rampage  .    (no gloves)
Will    +....      NoTele   +    (no boots) Stlth
                                 Q - amulet of Vitality {RegenMP++ Regen++}
HPRegen 1.96/turn                L - ring "Vittauhisa" {EV+5 Str+3}
MPRegen 0.92/turn                t - +6 ring of dexterity

@: no status effects
A: reduced essence, horns 2, retaliatory headbutt
a: Renounce Religion, Recall Ancestor, Ancestor Identity, Transference, Idealise


You were in the Dungeon.
You worshipped Hepliaklqana.
Hepliaklqana was extremely pleased with you.
You visited 1 branch

Inventory:

Hand Weapons
 a - a +0 trident
 C - a +5 demon trident
 D - the +8 lance "Wyrmbane" (weapon) {slay drac, rPois rF+ rC+ AC+3}
   (You found it in the Dungeon)

   AC:        It affects your AC (+3).
   rF:        It protects you from fire.
   rC:        It protects you from cold.
   rPois:     It protects you from poison.
 E - the +13 scythe of Curses {drain, curses, Drain}
   (You found it in the Dungeon)

   Drain:     It drains your maximum health when unequipped.
 S - the +8 glaive "Qaageax" {drain, rElec rPois Int-4}
   (You found it in the Dungeon)

   Int:       It affects your intelligence (-4).
   rElec:     It insulates you from electricity.
   rPois:     It protects you from poison.
 T - the +4 glaive of Inference {spect, Fly Dex+3}
   (You found it in the Dungeon)

   Dex:       It affects your dexterity (+3).
   Fly:       It grants you flight.
Missiles
 I - 2 throwing nets (quivered)
Armour
 b - a +0 scale mail
 c - a +0 buckler
 F - the +18 shield of the Gong (worn) {Loud rN+ Will+ rCorr EV-5}
   (You found it in the Dungeon)

   Loud:      It is deafeningly noisy when blocking attacks.
   EV:        It affects your evasion (-5).
   rN:        It protects you from negative energy.
   rCorr:     It protects you from acid and corrosion.
   Will:      It increases your willpower.
 G - a +5 crystal plate armour (worn)
Jewellery
 s - a ring of flight
 t - a +6 ring of dexterity (right hand)
 u - a +6 ring of dexterity
 v - a +6 ring of intelligence
 w - a +6 ring of intelligence
 x - a +6 ring of strength
 y - a +6 ring of strength
 H - an amulet of regeneration
 L - the ring "Vittauhisa" (left hand) {EV+5 Str+3}
   (You found it in the Dungeon)

   [ring of evasion]

   EV:        It affects your evasion (+5).
   Str:       It affects your strength (+3).
 N - a ring of fire
 O - the amulet "Mofe" {Faith Drain rElec rF+}
   (You found it in the Dungeon)

   [amulet of faith]

   It allows you to gain divine favour quickly.
   rF:        It protects you from fire.
   rElec:     It insulates you from electricity.
   Drain:     It drains your maximum health when unequipped.
 P - the amulet "Xamifin" {Acrobat Will- Str+4 Int+2}
   (You found it in the Dungeon)

   [amulet of the acrobat]

   It increases your evasion while moving and waiting.
   Str:       It affects your strength (+4).
   Int:       It affects your intelligence (+2).
   Will:      It decreases your willpower.
 Q - the amulet of Vitality (around neck) {RegenMP++ Regen++}
   (You found it in the Dungeon)

   [amulet of magic regeneration]

   It increases your rate of magic regeneration.
   Regen:     It increases your rate of health regeneration.
 U - a +6 ring of dexterity
Wands
 z - a wand of mindburst (6)
 A - a wand of acid (7)
Scrolls
 j - a scroll of blinking
 o - 4 scrolls of amnesia
 p - 7 scrolls of fog
 q - 5 scrolls of identify
 r - a scroll of fear
Potions
 d - 7 potions of might
 e - 10 potions of curing
 f - 10 potions of heal wounds
 g - 6 potions of haste
 h - 7 potions of magic
 i - 3 potions of berserk rage
 k - 2 potions of brilliance
 l - a potion of invisibility
 m - 4 potions of resistance
Miscellaneous
 n - a condenser vane (inert)
 B - a lightning rod (4/4)
 J - a box of beasts (inert)
 K - a tin of tremorstones (2/2)
 M - a box of beasts (inert)
 R - a condenser vane (inert)
 V - a piece from Xom's chessboard (14/15)
 W - a phantom mirror (inert)


   Skills:
 + Level 13.6 Fighting
 + Level 15.0 Polearms
 + Level 13.2 Armour
 + Level 6.3 Stealth
 + Level 18.5 Shields
 * Level 7.4 Evocations


You had 10 spell levels left.
You didn't know any spells.
Your spell library contained the following spells:

 Spells                   Type           Power      Damage    Failure   Level
 Sting                    Tmut/Pois      0%         1d3       100%        1
 Poisonous Vapours        Pois/Air       0%         N/A       100%        2
 Anguish                  Hex/Necr       0%         N/A       100%        4
 Animate Dead             Necr           0%         N/A       100%        4
 Ice Form                 Ice/Tmut       0%         N/A       100%        4
 Olgreb's Toxic Radiance  Pois           0%         N/A       100%        4
 Petrify                  Tmut/Erth      0%         N/A       100%        4
 Fireball                 Conj/Fire      0%         3d3       100%        5
 Iskenderun's Battlesphe  Conj           0%         2d6       100%        5
 Yara's Violent Unravell  Hex/Tmut       0%         3d3       100%        5
 Conjure Ball Lightning   Conj/Air       0%         3x3d6     100%        6
 Statue Form              Tmut/Erth      0%         N/A       100%        6
 Enfeeble                 Hex            0%         N/A       100%        7
 Haunt                    Necr/Summ      0%         N/A       100%        7
 Orb of Destruction       Conj           0%         9d5       100%        7
 Summon Hydra             Summ           0%         N/A       100%        7
 Discord                  Hex            0%         N/A       100%        8
 Disjunction              Tloc           0%         N/A       100%        8
 Infestation              Necr           0%         N/A       100%        8


Dungeon Overview and Level Annotations

Branches:
Dungeon (1/1)

Altars:
Ashenzari
Cheibriados
Dithmenos
Elyvilon
Fedhas
Gozag
Hepliaklqana
Kikubaaqudgha
Makhleb
Nemelex Xobeh
Okawaru
Qazlal
Ru
Sif Muna
Trog
Uskayaw
Vehumet
Wu Jian
Xom
Yredelemnul
Zin
The Shining One
Jiyva
Lugonu

Annotations:
D 1 transporter


Innate Abilities, Weirdness & Mutations

Your life essence is reduced to manifest your ancestor. (-10% HP)
You have a pair of horns on your head.
You reflexively headbutt those who attack you in melee.


Message History

The bolt of lightning hits you!!
* * * LOW HITPOINT WARNING * * *
You feel much better.
The water moccasin is engulfed in calcifying dust.
The catoblepas breathes a plume of calcifying dust at you.
The blast of calcifying dust hits you but does no damage.
Your catoblepas gores the catoblepas but does no damage.
The water moccasin is engulfed in calcifying dust.
The spriggan air mage waves its arms in wide circles.
The air twists around and strikes you.
* * * LOW HITPOINT WARNING * * *
Blink to where?
Press: ? - help, Q - select action, (/) - cycle Dir - move target, p - catoblepas
As you read the scroll of blinking, it crumbles to dust.
You kill your catoblepas!
Your catoblepas's corpse shimmers and vanishes!
The water moccasin is engulfed in calcifying dust. x2
The spriggan air mage waves its arms in wide circles.
The air twists around and strikes you.
* * * LOW HITPOINT WARNING * * *
You make a move on Xom's chessboard...
Your attack snaps the cane toad out of its fear.
The cane toad is moving more slowly.
The spriggan air mage looks more healthy.
The komodo dragon looks more healthy.
The water moccasin is engulfed in calcifying dust. x2
The catoblepas breathes a plume of calcifying dust at you.
The blast of calcifying dust hits you but does no damage.
The water moccasin is engulfed in calcifying dust.
The catoblepas breathes a plume of calcifying dust at you.
The blast of calcifying dust hits you but does no damage.
You see here a +1 scale mail of positive energy.
The spriggan air mage attacks as you move away!
You block the spriggan air mage's attack.
GONNNNG!
The spriggan air mage is engulfed in calcifying dust.
The spriggan air mage is moving more slowly.
The spriggan air mage gestures at you while chanting.
The bolt of lightning hits you!!
You die...

▓....)....▓.......▓
▓......)))▓.......▓
▓.........▓.......▓
▓.....)..)▓.......▓
▓.▓.....▓.▓.▓...▓.▓
▓....©..).▓...©.†.▓
▓▓▓▓▓▓▓▓▓▓▓▓▓▓▓▓▓▓▓▓▓
▓...8§8§..▓...8©8...▓
▓..[}§§@..▓...)[....▓
▓§.)[i§=..▓...|..)..▓
▓.§..§.F..▓.........▓
▓..§.Y....▓.........▓
▓..§......▓.........▓
▓...S...†.▓.......))▓
▓...l.....▓.▓....)▓(▓
▓.▓..†..▓†▓....©.)..▓
▓....©....▓▓▓▓▓▓▓▓▓▓▓


You could see a catoblepas (poisoned), a spriggan air mage (repels missiles,
petrifying), a komodo dragon (petrified, fleeing), a cane toad (petrifying) and
a water moccasin (petrified, fleeing).

Vanquished Creatures
  A deep elf knight (D)
  A large abomination (D)
  2 deep elf pyromancers (D)
  A cyclops (D)
  A torpor snail (D)
  An ice devil (D)
  3 polar bears (D)
  A tarantella (D)
  6 merfolk (D)
  2 wind drakes (D)
  A raiju (D)
  A basilisk (D)
  A hell hound (D)
  A water moccasin (D)
  2 orc warriors (D)
  A wolf (D)
  3 centaurs (D)
  A phantom (D)
  2 small abominations (D)
  A scorpion (D)
  A necrophage (D)
  An earth elemental (D)
  A crimson imp (D)
  An orc priest (D)
  A white imp (D)
  An ufetubus (D)
  2 adder simulacra (D)
  An orc (D)
  A bat zombie (D)
  A quokka skeleton (D)
44 creatures vanquished.

Vanquished Creatures (collateral kills)
  2 polar bears (D)
  A shadow (D)
  A water moccasin (D)
  An ice beast (D)
  3 orc warriors (D)
  A phantom (D)
  A necrophage (D)
  An orc wizard (D)
  A white imp (D)
  A bat skeleton (D)
  A giant cockroach simulacrum (D)
14 creatures vanquished.

Vanquished Creatures (others)
  An iron imp (D)
  A knight (D)
  An ancestor (D)
3 creatures vanquished.

Grand Total: 61 creatures vanquished

Notes
Turn   | Place    | Note
-------+----------+-------------------------------------------
     0 | D        | Juicyj the Minotaur Fighter began the quest for the Orb.
     0 | D        | Reached XP level 1. HP: 19/19 MP: 0/0
     0 | D        | Found a shimmering blue altar of Sif Muna.
     0 | D        | Found a sacrificial altar of Ru.
     0 | D        | Found a bloodstained altar of Trog.
     0 | D        | Found a stormy altar of Qazlal.
     0 | D        | Found an iron altar of Okawaru.
     0 | D        | Found a sparkling altar of Nemelex Xobeh.
     0 | D        | Found a blossoming altar of Fedhas.
     0 | D        | Found the +6 Majin-Bo {spellvamp, MP+6 Int+6}
     0 | D        | Found the +27 heavy crossbow "Sniper" {heavy, Acc+∞ SInv}
     0 | D        | Found the +10 dark maul {heavy}
     0 | D        | Found the +15 Maxwell's patent armour {-Cast -Tele rElec
                  | Will+ rCorr}
     0 | D        | Found the +18 shield of the Gong {Loud rN+ Will+ rCorr
                  | EV-5}
     0 | D        | Found the +16 obsidian axe {drain, demonic, Mesm Drain Fly
                  | SInv}
     0 | D        | Found the +7 great mace "Firestarter" {flame, inner flame,
                  | rFlCloud rF++}
     0 | D        | Found the +6 shillelagh "Devastator" {shatter}
     0 | D        | Found the +11 plutonium sword {Contam Stlth-}
     0 | D        | Found the +8 lance "Wyrmbane" {slay drac, rPois rF+ rC+
                  | AC+3}
     0 | D        | Found the +9 sword of Zonguldrok {reap}
     0 | D        | Found the +13 scythe of Curses {drain, curses, Drain}
     0 | D        | Found the +9 sword of Power {lifebolt}
     0 | D        | Found the +7 mace of Variability {chaos, chain chaos}
     0 | D        | Found the +11 Singing Sword {sonic wave}
     0 | D        | Found the +8 storm bow {elec, penet}
     2 | D        | Found a transporter.
     2 | D        | Found an ancient bone altar of Kikubaaqudgha.
     2 | D        | Found a viscous altar of Jiyva.
     2 | D        | Found a corrupted altar of Lugonu.
     2 | D        | Found a hazy altar of Hepliaklqana.
     2 | D        | Found a burning altar of Makhleb.
     2 | D        | Found an opulent altar of Gozag.
   149 | D        | Became a worshipper of Hepliaklqana the Forgotten
   158 | D        | Entered arena 2.
   158 | D        | Noticed a tarantella
   158 | D        | Noticed a scorpion
   158 | D        | Found a transporter.
   169 | D        | Killed a scorpion
   170 | D        | Reached skill level 6 in Shields
   170 | D        | Reached XP level 2. HP: 15/30 MP: 1/1
   170 | D        | Reached XP level 3. HP: 19/37 MP: 2/2
   172 | D        | Killed a tarantella
   173 | D        | Reached skill level 5 in Polearms
   173 | D        | Reached skill level 9 in Shields
   173 | D        | Reached XP level 4. HP: 27/49 MP: 3/3
   173 | D        | Reached XP level 5. HP: 31/56 MP: 4/4
   173 | D        | Reached XP level 6. HP: 34/62 MP: 5/5
   272 | D        | Entered arena 3.
   272 | D        | Noticed a merfolk
   272 | D        | Noticed a merfolk
   272 | D        | Noticed a merfolk
   272 | D        | Found a transporter.
   289 | D        | Killed a merfolk
   290 | D        | Reached skill level 10 in Armour
   290 | D        | Reached skill level 1 in Stealth
   290 | D        | Reached skill level 10 in Shields
   297 | D        | Killed a merfolk
   298 | D        | Reached skill level 10 in Fighting
   298 | D        | Reached skill level 11 in Shields
   298 | D        | Reached XP level 7. HP: 71/72 MP: 6/6
   306 | D        | Killed a merfolk
   330 | D        | Entered arena 4.
   330 | D        | Reached * piety under Hepliaklqana
   330 | D        | Found a transporter.
   337 | D        | Reached XP level 8. HP: 72/72 MP: 7/7
   355 | D        | Entered arena 5.
   355 | D        | Noticed a deep elf pyromancer
   355 | D        | Noticed a deep elf pyromancer
   355 | D        | Noticed a deep elf knight
   355 | D        | Found a transporter.
   355 | D        | Reached ** piety under Hepliaklqana
   378 | D        | Killed a deep elf pyromancer
   379 | D        | Reached skill level 10 in Polearms
   379 | D        | Reached skill level 12 in Shields
   386 | D        | Killed a deep elf pyromancer
   387 | D        | Reached skill level 5 in Stealth
   387 | D        | Reached skill level 13 in Shields
   387 | D        | Killed a deep elf knight
   388 | D        | Reached skill level 14 in Shields
   388 | D        | Reached XP level 9. HP: 55/81 MP: 8/8
   390 | D        | Got the ring "Vittauhisa" {EV+5 Str+3}
   403 | D        | Entered arena 6.
   403 | D        | Noticed a polar bear
   403 | D        | Noticed a polar bear
   403 | D        | Found a transporter.
   405 | D        | Remembered your ancestor Ingiyab as a knight
   413 | D        | Reached skill level 1 in Evocations
   414 | D        | Killed a polar bear
   420 | D        | Killed a polar bear
   432 | D        | Reached XP level 10. HP: 89/89 MP: 9/9
   434 | D        | Entered arena 7.
   434 | D        | Reached *** piety under Hepliaklqana
   451 | D        | Reached skill level 15 in Shields
   452 | D        | Found a transporter.
   468 | D        | Got the amulet "Mofe" {Faith Drain rElec rF+}
   477 | D        | Entered arena 8.
   477 | D        | Found the +0 toga "Victory" {*Victory Clar}
   477 | D        | Found the amulet of Vitality {RegenMP++ Regen++}
   502 | D        | Found a transporter.
   503 | D        | Reached skill level 5 in Evocations
   512 | D        | Got the amulet "Xamifin" {Acrobat Will- Str+4 Int+2}
   534 | D        | Entered arena 9.
   534 | D        | Found the +8 Wrath of Trog {antimagic, *Rage Rampage}
   534 | D        | Noticed a large abomination
   534 | D        | Reached **** piety under Hepliaklqana
   545 | D        | Killed a large abomination
   546 | D        | Reached skill level 16 in Shields
   551 | D        | Reached XP level 11. HP: 69/95 MP: 10/10
   556 | D        | Found a transporter.
   576 | D        | Got Sif Muna's Parchment of Transmigration and Convocation
   588 | D        | Entered arena 10.
   612 | D        | Reached skill level 17 in Shields
   621 | D        | Found a transporter.
   647 | D        | Got the +8 glaive "Qaageax" {drain, rElec rPois Int-4}
   651 | D        | Got the +4 glaive of Inference {spect, Fly Dex+3}
   656 | D        | Entered arena 11.
   656 | D        | Reached ***** piety under Hepliaklqana
   667 | D        | Found a transporter.
   706 | D        | Reached skill level 18 in Shields
   717 | D        | Got Wizarding, and How To Use It
   739 | D        | Entered arena 12.
   739 | D        | Noticed a spriggan air mage
   741 | D        | Noticed a catoblepas
   751 | D        | Reached skill level 15 in Polearms
   764 | D        | Found a transporter.
   776 | D        | Killed from afar by a spriggan air mage

Illustrated notes

Levels and vault maps discovered:
D:        sprint_v [room_start, room_1, room_2, room_3, room_4, room_5, room_6,
          room_7, room_8, room_9, room_10, room_11, room_12, room_13, room_14,
          room_15, room_16, room_17, room_18, room_19, room_20, room_21,
          room_22, room_23, room_24, room_25, room_26, room_27]

Skill      XL: |  1  2  3  4  5  6  7  8  9 10 11 |
---------------+----------------------------------+-----
Fighting       | 6 8 10 11 12 13 | 13.6
Polearms       | 3 5 7 9 12 13 14 15 | 15.0
Armour         | 6 9 10 11 12 13 | 13.2
Shields        | 6 9 11 14 16 18 | 18.5
Stealth        | 2 3 5 6 |  6.3
Evocations     | 3 5 7 |  7.4

Action                     |  1- 3 |  4- 6 |  7- 9 | 10-12 || total
---------------------------+-------+-------+-------+-------++-------
  Melee: Lance             |    11 |    21 |    56 |   109 ||   197
         Headbutt          |     1 |       |    11 |    19 ||    31
 Invoke: Recall Ancestor   |       |       |     1 |       ||     1
         Ancestor Life: Kn |       |       |     1 |       ||     1
  Evoke: Wand              |       |     1 |       |       ||     1
         Box of beasts     |       |       |     1 |     2 ||     3
         Condenser vane    |       |       |       |     2 ||     2
         Phantom mirror    |       |       |       |     1 ||     1
         Piece from Xom's  |       |       |       |     1 ||     1
    Use: Potion            |       |     2 |     2 |     2 ||     6
         Scroll            |       |       |     1 |     3 ||     4
   Stab: Invisible         |       |     5 |     2 |       ||     7
 Armour: Crystal plate arm |    14 |     4 |    11 |    52 ||    81
  Dodge: Dodged            |     1 |       |     3 |     8 ||    12
  Block: Kite shield       |    15 |    35 |    58 |   145 ||   253

Table legend: (Time is in decaauts)
 A = Elapsed time spent in this place.
 B = Non-inter-level travel time spent in this place.
 C = Inter-level travel time spent in this place.
 D = Time resting spent in this place.
 E = Time spent auto-exploring this place.
 F = Levels seen in this place.
 G = Mean time per level.
                   A        B        C        D        E       F      G
               +--------+--------+--------+--------+--------+-----+--------+
         Total |    716 |    716 |      0 |      0 |     86 |   1 |  716.0 |
       Dungeon |    716 |    716 |      0 |      0 |     86 |   1 |  716.0 |
               +--------+--------+--------+--------+--------+-----+--------+

Top non-repeatable levels by time:
       D: 716 daAuts
